 Dungeon Crawl Stone Soup version 0.21-a0-91-ga5031da (webtiles) character file.

329 Ordine the Shield-Bearer (level 6, -5/44 HPs)
             Began as an Octopode Fighter on June 28, 2017.
             Killed by divine providence
             ... invoked by an orc priest
              (12 damage)
             ... on level 4 of the Dungeon.
             The game lasted 00:07:08 (2795 turns).

Ordine the Shield-Bearer (Octopode Fighter)         Turns: 2795, Time: 00:07:09

Health: -5/44      AC:  2    Str: 15    XL:     6   Next: 51%
Magic:  6/6        EV: 12    Int: 10    God:
Gold:   167        SH:  9    Dex: 14    Spells: 5/5 levels left

rFire    + . .     SeeInvis .   a - +0 long sword
rCold    + . .     Gourm    .   b - +0 shield
rNeg     . . .     Faith    .   (helmet restricted)
rPois    +         Spirit   .   i - amulet of regeneration
rElec    +         Reflect  .   k - +1 ring of protection
rCorr    +         Harm     .   (no ring)
MR       .....                  (no ring)
Stlth    ++........             (no ring)
HPRegen  0.54/turn              (no ring)
MPRegen  0.10/turn              (no ring)
                                (no ring)
                                (no ring)

@: resistant, drained
A: almost no armour, stealthy swim, amphibious, 8 rings, constrict 8, camouflage
1, gelatinous body 1
a: no special abilities


You were on level 4 of the Dungeon.
You were not hungry.

You visited 1 branch of the dungeon, and saw 4 of its levels.

You collected 167 gold pieces.

Inventory:

Hand Weapons
 a - a +0 long sword (weapon)
Armour
 b - a +0 shield (worn)
Jewellery
 i - an amulet of regeneration (around mantle)
 k - a +1 ring of protection (left tentacle)
 t - a cursed ring of teleportation {unknown}
 w - an uncursed ring of magical power {unknown}
Scrolls
 f - a scroll of magic mapping
 l - 2 scrolls of teleportation
 r - a scroll of recharging
Potions
 c - 2 potions of might
 h - 2 potions of curing
 j - 3 potions of agility {unknown}
 m - a potion of lignification {unknown}
 n - a potion of degeneration {unknown}
 q - a potion of haste {unknown}
 u - a potion of heal wounds {unknown}
 v - a potion of mutation {unknown}
Books
 o - a book of Maledictions

   Spells                             Type                      Level
   a - Corona                         Hexes                        1
   b - Ensorcelled Hibernation        Hexes/Ice                    2
   c - Confuse                        Hexes                        3
   d - Tukima's Dance                 Hexes                        3
   e - Dazzling Spray                 Conjuration/Hexes            3
Comestibles
 d - 3 bread rations
 g - a meat ration
 p - a royal jelly
 s - 7 chunks of flesh


   Skills:
 + Level 4.5(4.2) Fighting
 * Level 4.4(4.1) Long Blades
 - Level 3.0(2.6) Dodging
 + Level 4.5(4.2) Shields


You had 5 spell levels left.
You didn't know any spells.

Dungeon Overview and Level Annotations

Branches:
Dungeon (4/15)
 Temple: D:4-7

Altars:

Annotations:
D:4 Menkaure


Innate Abilities, Weirdness & Mutations

You cannot wear most types of armour.
You are very stealthy in the water. (Stealth+)
You are amphibious.
You can wear up to eight rings at the same time.
You can use your tentacles to constrict eight enemies at once.
Your skin changes colour to match your surroundings (Stealth+).
Your rubbery body absorbs attacks. (AC +1, EV +1)


Message History

You closely miss the orc. You grab the orc. You squeeze the orc.
The orc is heavily wounded.
You constrict the orc. The orc priest closely misses you.
The orc hits you with a mace of draining!
You feel drained.
Unknown command.
You release your grip on the orc.
You are too injured to fight recklessly!
You closely miss the orc. You grab the orc. You squeeze the orc.
You kill the orc!
Menkaure casts a spell.
Menkaure seems to speed up.
The orc priest invokes the aid of Beogh against you.
Beogh smites you!
* * * LOW HITPOINT WARNING * * *
It was a potion of resistance.
You feel protected.
The orc priest mumbles some strange prayers to Beogh against you.
Beogh smites you!
You die...

>....# ###o....#
#oo.....# #M#
#o# #o#
#.###########
#.#.........#
#@#.........#
#)#.........#
#..)...)....#
#.#.........#
####.#.........#
#....###########
#.#### #.#
#.##########


You could see Menkaure, 2 orc priests and 2 orcs.

Vanquished Creatures
  A scorpion (D:4)
  2 orc priests (D:3)
  2 orc wizards (D:4)
  4 gnolls (D:3)
  3 adders
  An ooze (D:1)
  3 worms
  A dart slug (D:2)
  2 leopard geckos (D:3)
  9 orcs
  2 ball pythons
  3 giant cockroaches
  9 goblins
  5 hobgoblins
  7 jackals
  6 kobolds
  A quokka (D:2)
  6 bats
  5 frilled lizards
  7 rats
79 creatures vanquished.

Notes
Turn   | Place    | Note
-------+----------+-------------------------------------------
     0 | D:1      | Ordine the Octopode Fighter began the quest for the Orb.
     0 | D:1      | Reached XP level 1. HP: 16/16 MP: 1/1
    91 | D:1      | Reached XP level 2. HP: 10/21 MP: 2/2
   641 | D:1      | Reached XP level 3. HP: 22/26 MP: 3/3
  1361 | D:2      | Reached XP level 4. HP: 30/32 MP: 4/4
  2320 | D:3      | Reached XP level 5. HP: 21/37 MP: 5/5
  2714 | D:4      | Reached XP level 6. HP: 23/44 MP: 6/6
  2781 | D:4      | Noticed Menkaure
  2795 | D:4      | Killed from afar by an orc priest

Vault maps used:
D:1:      saegor_arrival_simple_b
D:3:      kb_forest_paths, grunt_ministairs_6
D:4:      old_forge, overflow_temple_1_default,
          gammafunk_temple_overflow_statue,
          lightli_ossuary_entry_decrepit_ruins, first_bread, uniq_menkaure,
          uniq_robin

Skill      XL: |  1  2  3  4  5 |
---------------+----------------+-----
Long Blades    | 3 4 |  4.4
Fighting       | 4 |  4.5
Shields        | 4 |  4.5
Dodging        | |  3.0

Action                   |  1- 3 |  4- 6 || total
-------------------------+-------+-------++-------
Melee: Long sword        |    58 |    89 ||   147
       Constrict         |    16 |    32 ||    48
       Tentacles         |    10 |    30 ||    40
  Use: Scroll            |     4 |     3 ||     7
       Potion            |       |     2 ||     2
 Stab: Sleeping          |     5 |    11 ||    16
  Eat: Chunk             |     1 |     5 ||     6
Armor: Skin              |     4 |     6 ||    10
Dodge: Dodged            |    27 |    33 ||    60
Block: Shield            |    29 |    19 ||    48
       Rpst.: Long sword |    12 |     6 ||    18
